 Dungeon Crawl Stone Soup version 0.28.0-45-g0d030f2227 (webtiles) character file.

Game seed: 14945679494772258670

502 Icepheonix32 the Shield-Bearer (level 6, 0/70 HPs)
             Began as a Demonspawn Fighter on Apr 7, 2022.
             Was a Follower of Uskayaw.
             Killed by divine providence
             ... invoked by an orc priest
              (9 damage)
             ... on level 4 of the Dungeon.
             The game lasted 00:05:56 (3979 turns).

Icepheonix32 the Shield-Bearer (Demonspawn Fighter) Turns: 3979, Time: 00:05:56

Health: 0/70       AC: 23    Str: 19    XL:     6   Next: 95%
Magic:  6/6        EV:  2    Int:  9    God:    Uskayaw [*.....]
Gold:   204        SH:  9    Dex: 12    Spells: 5/5 levels left

rFire   . . .      SeeInvis .   e - +2 dagger (venom)
rCold   . . .      Faith    .   c - +0 buckler
rNeg    . . .      Spirit   .   (armour currently unavailable)
rPois   +          Reflect  .   (helmet currently unavailable)
rElec   .          Harm     .   (cloak currently unavailable)
rCorr   .          Rampage  .   (gloves currently unavailable)
Will    .....      NoTele   +   (boots currently unavailable)
Stlth   +.........              (no amulet)
HPRegen 0.21/turn               (no ring)
MPRegen 0.10/turn               (no ring)

@: tree-form
A: stationary, stasis, torment immunity, boosted hp, (horns 2), (molten scales
1), powered by pain 1, condensation shield
a: Renounce Religion, Stomp


You were on level 4 of the Dungeon.
You worshipped Uskayaw.
Uskayaw was noncommittal.
You were a tree.
You visited 2 branches of the dungeon, and saw 5 of its levels.
You also visited: Sewer.

You collected 204 gold pieces.

Inventory:

Hand Weapons
 a - a +0 long sword
 e - a +2 dagger of venom (weapon)
 j - a +2 dagger of speed
Missiles
 i - 14 poisoned darts (quivered)
Armour
 b - a +0 scale mail (melded)
 c - a +0 buckler (worn)
 m - a +0 helmet
 v - a +0 pair of gloves (melded)
Wands
 n - a wand of flame (19)
Scrolls
 f - 3 scrolls of teleportation
 k - a scroll of noise {unknown}
 l - 4 scrolls of identify {unknown}
 s - 2 scrolls of silence {unknown}
 t - a scroll of vulnerability {unknown}
 u - a scroll of fog {unknown}
 x - a scroll of fear
 y - a scroll of amnesia {unknown}
Potions
 d - 2 potions of might
 h - a potion of experience {unknown}
 o - a potion of heal wounds {unknown}
 p - a potion of mutation {unknown}
 q - a potion of haste {unknown}
 r - 3 potions of brilliance {unknown}
 w - a potion of attraction {unknown}


   Skills:
 + Level 3.5 Fighting
 + Level 2.5(2.9) Short Blades
 - Level 2.1(2.7) Long Blades
 + Level 0.5 Throwing
 + Level 3.9 Armour
 + Level 1.4 Dodging
 * Level 5.0 Shields
 + Level 0.7 Evocations


You had 5 spell levels left.
You didn't know any spells.
Your spell library contained the following spells:

 Spells                   Type           Power      Damage    Failure   Level
 Freeze                   Ice            0%         1d3       45%         1
 Frozen Ramparts          Ice            0%         1d2       83%         3
 Hailstorm                Conj/Ice       0%         3d3       99%         4


Dungeon Overview and Level Annotations

Branches:
Dungeon (4/15)             Temple (1/1) D:4           Sewer (visited)

Altars:
Ashenzari
Cheibriados
Dithmenos
Elyvilon
Fedhas
Gozag
Hepliaklqana
Kikubaaqudgha
Makhleb
Nemelex Xobeh
Okawaru
Qazlal
Ru
Sif Muna
Trog
Uskayaw
Vehumet
Wu Jian
Xom
Yredelemnul
Zin
The Shining One


Innate Abilities, Weirdness & Mutations

You are a tree.
Your roots penetrate the ground, keeping you stationary.
You cannot be teleported.
You are immune to unholy pain and torment.
Your maximum health is greatly increased.
Your equipment is partially melded.
((You have a pair of horns on your head.))
((You are partially covered in molten scales. (AC +2)))
You sometimes gain a little power by taking damage.
A meltable shield of frost defends you. (SH +4)


Message History

The orc wizard is poisoned.
The orc wizard points at you and mumbles some strange words.
The magic dart hits you but does no damage.
An orc comes into view. It is wielding a +0 hand axe.
You barely miss the orc wizard. You hit the orc wizard.
The orc wizard is lightly wounded.
You block the orc wizard's attack.
You hit the orc wizard.
The orc wizard looks even sicker.
The orc wizard is moderately wounded.
The orc wizard hits you but does no damage.
You barely miss the orc wizard.
The orc wizard is moderately wounded.
The orc wizard hits you but does no damage.
An orc priest comes into view. It is wielding a +0 club.
You hit the orc wizard but do no damage.
The orc wizard looks as sick as possible!
The orc wizard is heavily wounded.
The orc wizard hits you with a +0 dagger.
* * * LOW HITPOINT WARNING * * *
You closely miss the orc wizard.
The orc wizard is almost dead.
The orc wizard barely misses you.
You hit the orc wizard.
You kill the orc wizard!
Unknown command.
You hit the orc.
The orc is poisoned.
The orc is heavily wounded.
You block the orc's attack.
You hit the orc.
The orc looks as sick as possible!
The orc is almost dead.
You kill the orc!
You hit the orc priest but do no damage.
You barely miss the orc priest.
The orc priest hits you but does no damage.
You hit the orc priest.
The orc priest is lightly wounded.
The orc priest mumbles some strange prayers to Beogh against you.
Beogh smites you!
You die...

#.#....#
##.#..(.#
#..##[..#
#..†####.g
#.#.†.!#.?.
#......# .K.#
###....## ...
#.##..###.#.
#♣##.........
#o#o.........
#(#.og.......
#............
###........##
#.......>#
###......#
$......
......


You could see an orc priest.

Vanquished Creatures
  2 kobold brigands (Sewer)
  4 orc wizards (D:4)
  4 adders
  2 gnolls (D:4)
  7 river rats (Sewer)
  An ufetubus (D:4)
  A worm (D:2)
  4 dart slugs
  5 orcs (D:4)
  7 bats
  5 endoplasms
  5 giant cockroaches
  9 hobgoblins
  2 jackals (D:2)
  4 quokkas
  16 ball pythons
  5 frilled lizards
  11 goblins
  24 kobolds
  26 rats
144 creatures vanquished.

Notes
Turn   | Place    | Note
-------+----------+-------------------------------------------
     0 | D:1      | Icepheonix32 the Demonspawn Fighter began the quest for the
                  | Orb.
     0 | D:1      | Reached XP level 1. HP: 18/18 MP: 1/1
   223 | D:1      | Gained mutation: A meltable shield of frost defends you.
                  | (SH +4) [demonic ancestry]
   223 | D:1      | Reached XP level 2. HP: 21/24 MP: 2/2
   446 | D:1      | Reached skill level 3 in Shields
   747 | D:1      | Gained mutation: You have a pair of small horns on your
                  | head. [demonic ancestry]
   747 | D:1      | Reached XP level 3. HP: 29/29 MP: 3/3
  1514 | D:2      | Reached skill level 1 in Short Blades
  1659 | D:3      | Gained mutation: You are partially covered in molten
                  | scales. (AC +2) [demonic ancestry]
  1659 | D:3      | Reached XP level 4. HP: 33/35 MP: 4/4
  1714 | D:3      | Found a glowing drain.
  1723 | Sewer    | Entered a sewer
  1920 | Sewer    | Noticed a kobold brigand
  1931 | Sewer    | Killed a kobold brigand
  1932 | Sewer    | Reached skill level 4 in Shields
  1932 | Sewer    | Gained mutation: You sometimes gain a little power by
                  | taking damage. [demonic ancestry]
  1932 | Sewer    | Reached XP level 5. HP: 32/41 MP: 5/5
  2299 | Sewer    | Reached skill level 1 in Dodging
  2403 | Sewer    | Gained mutation: You have a pair of horns on your head.
                  | [demonic ancestry]
  2403 | Sewer    | Reached XP level 6. HP: 40/47 MP: 6/6
  3250 | D:3      | Found an ornate altar of the Wu Jian Council.
  3450 | D:4      | Found a staircase to the Ecumenical Temple.
  3465 | Temple   | Entered the Ecumenical Temple
  3705 | Temple   | Became a worshipper of Uskayaw the Reveller
  3900 | D:4      | Reached * piety under Uskayaw
  3913 | D:4      | Reached ** piety under Uskayaw
  3914 | D:4      | HP: 1/47 [gnoll/+0 spear (7)]
  3960 | D:4      | Reached skill level 5 in Shields
  3979 | D:4      | Killed from afar by an orc priest

Illustrated notes

Levels and vault maps discovered:
D:1:      psy_arrival_fountain, layout_basic
D:2:      layout_basic
D:3:      layout_rooms, nzn_wu_jian_council_hall, portal_sewer_entry_d,
          kennysheep_path_1, minmay_misc_feat_iff
D:4:      layout_basic, minmay_temple_entry_grid, minmay_bent
Temple:   nicolae_temple_the_god_donut

Skill      XL: |  1  2  3  4  5  6 |
---------------+-------------------+-----
Long Blades    | 2 |  2.1
Shields        | 3 4 5 |  5.0
Armour         | 3 |  3.9
Short Blades   | 1 2 |  2.5
Dodging        | 1 |  1.4
Fighting       | |  3.5
Throwing       | |  0.5
Evocations     | |  0.7

Action                   |  1- 3 |  4- 6 || total
-------------------------+-------+-------++-------
Melee: Dagger            |   120 |   236 ||   356
       Long sword        |     1 |       ||     1
       Headbutt          |    12 |    42 ||    54
Throw: Dart              |       |    12 ||    12
Evoke: Wand              |       |     9 ||     9
  Use: Scroll            |       |     7 ||     7
       Potion            |       |     1 ||     1
Armor: Scale mail        |    43 |    88 ||   131
       Skin              |       |     4 ||     4
Dodge: Dodged            |    28 |   107 ||   135
Block: Buckler           |    42 |   137 ||   179
